 Dungeon Crawl Stone Soup version 0.31-a0-210-gccc998df9b (webtiles) character file.

Game seed: 6008358506543244014

189304 Strat the Wrestler (level 17, 0/262 HPs)
             Began as a Troll Berserker on June 30, 2023.
             Was a High Priest of Trog.
             Slain by a six-headed hydra (20 damage)
             ... on level 4 of the Swamp.
             The game lasted 01:31:24 (24990 turns).

Strat the Wrestler (Troll Berserker)               Turns: 24990, Time: 01:31:26

Health: 0/262      AC: 16    Str: 29    XL:     17   Next: 50%
Magic:  16/16      EV: 12    Int:  5    God:    Trog [*****.]
Gold:   2635       SH: 11    Dex: 13    Spells: 16/16 levels left

rFire   . .          .
                       - Unarmed
rCold   . . .        z - +0 kite shield
rNeg    . . .        r - +3 troll leather armour {Snorg}
rPois   +            (helmet restricted)
rElec   .            A - +1 cloak
rCorr   .            (gloves unavailable)
SInv    .            (boots unavailable)
Will    +....        B - amulet of regeneration Stlth
                     f - +4 ring of protection
HPRegen 3.03/turn    q - ring of poison resistance
MPRegen 0.15/turn

%: no passive effects
@: berserking, invisible, very quick
A: large, unfitting armour, claws 3, regeneration 1, shaggy fur 1, tough skin 1
}: 1/15 runes: gossamer
a: Renounce Religion, Berserk, Trog's Hand, Brothers in Arms


You were on level 4 of the Swamp.
You worshipped Trog.
Trog was extremely pleased with you.
You visited 5 branches of the dungeon, and saw 30 of its levels.
You also visited: Bailey and Volcano.

You collected 3756 gold pieces.
You spent 1121 gold pieces at shops.

Inventory:

Missiles
 a - 18 large rocks (quivered)
 k - a throwing net
 m - 40 poisoned darts
 p - 10 javelins
 x - 13 curare-tipped darts
 H - 2 atropa-tipped darts
 O - 6 boomerangs of dispersal
Armour
 r - a +3 troll leather armour (worn) {Snorg}
 z - a +0 kite shield (worn)
 A - a +1 cloak (worn)
 I - a +1 robe of fire resistance
Jewellery
 f - a +4 ring of protection (left claw)
 o - a +4 ring of slaying
 q - a ring of poison resistance (right claw)
 u - a ring of see invisible
 w - a ring of resist corrosion
 B - an amulet of regeneration (around neck)
 C - a ring of positive energy
 D - a +5 ring of evasion
 E - a +5 ring of evasion
 P - a ring of protection from cold
Wands
 i - a wand of paralysis (6)
 s - a wand of flame (39)
 t - a wand of roots (15)
 y - a wand of light (8)
 G - a wand of polymorph (2)
 L - a wand of digging (14)
 M - a wand of mindburst (30)
Scrolls
 n - 7 scrolls of identify
Potions
 b - 3 potions of enlightenment
 c - 2 potions of cancellation
 d - 4 potions of ambrosia
 e - 3 potions of lignification
 g - 3 potions of curing
 h - a potion of resistance
 j - 2 potions of might
 l - 3 potions of mutation
 v - 3 potions of magic
 Q - a potion of berserk rage
Miscellaneous
 K - a phantom mirror
 N - a sack of spiders


   Skills:
 + Level 12.6 Fighting
 + Level 11.0 Throwing
 - Level 5.0 Armour
 - Level 8.6 Dodging
 - Level 10.0 Shields
 + Level 21.7 Unarmed Combat


You had 16 spell levels left.
You didn't know any spells.
Your spell library was empty.

Dungeon Overview and Level Annotations

Branches:
Dungeon (15/15)            Temple (0/1) D:4            Lair (5/5) D:11
  Swamp (4/4) Lair:2       Spider (4/4) Lair:3        Slime (0/5) Lair:4
    Orc (2/2) D:12            Elf (0/3) Orc:2        Vaults (0/5) D:13
 Depths (0/4) D:15         Bailey (visited)         Volcano (visited)

Altars:
Cheibriados
Gozag
Hepliaklqana
Kikubaaqudgha
Nemelex Xobeh
Okawaru
Qazlal
Trog
Uskayaw
Vehumet
Xom
Zin
The Shining One

Shops:
D:4 *[   D:9 (   D:11 =   D:15 **   Orc:2 [(?=

Annotations:
D:10 3 runed translucent doors, exclusion: obsidian statue, MrSquiggles's ghost, journeyman HuWn
Swamp:4 3 runed translucent doors, Aizul; Virumoce's ghost, adept OpSu


Innate Abilities, Weirdness & Mutations

You are too large for most types of armour.
You have claws for hands.
Your natural rate of healing is unusually fast.
You are covered in fur. (AC +1)
You have tough skin. (AC +1)


Message History

The spectral spriggan berserker closely misses you.
The spriggan druid is engulfed in spectral mist.
With its final breath, the spriggan druid offers up its power to the beasts of the wild!
The swamp dragon is healed.
The six-headed hydra is healed.
The alligator is healed.
The swamp dragon is healed.
The swamp dragon seems to grow more fierce.
The six-headed hydra seems to grow more fierce.
The alligator seems to grow more fierce.
The swamp dragon seems to grow more fierce.
The spriggan druid dies!
You hear a splash. x2
The alligator is engulfed in spectral mist.
The ghost crab completely misses you. The ghost crab closely misses you.
You scratch Aizul.
Aizul is lightly wounded.
* * * LOW HITPOINT WARNING * * *
The six-headed hydra roars!
The swamp drake roars! x2
The four-headed hydra roars!
Aizul is engulfed in spectral mist.
You block Aizul's attack.
The alligator is engulfed in spectral mist.
The alligator bites you!!
* * * LOW HITPOINT WARNING * * *
The alligator tail-slaps you but does no damage.
A six-headed hydra comes into view.
Your cyclops hits the swamp dragon!!
Unknown command.
The six-headed hydra roars!
You claw Aizul!
Aizul is lightly wounded.
The six-headed hydra roars! x2; The four-headed hydra roars!
The spriggan rider barely misses you. The bog body casts a spell at you.
The six-headed hydra easily resists.
The six-headed hydra is engulfed in spectral mist.
The six-headed hydra bites you!
* * * LOW HITPOINT WARNING * * *
The six-headed hydra barely misses you.
You block the six-headed hydra's attack.
The six-headed hydra bites you!!
You die...

n.~ ♣~♣♣ ...
#§~♣♣♣♣~.♣♣♣..♣
#~.~.~♣..♣....~
#.~~~.~D...~~~.
..~~~)~.~..~~~.
#k.kD..i~..~~######
♣D~k~D°○.~..#(?.[.
♣DnZ@Di~$.#W..$.
♣.CStt~~..+.(...
♣<~~○i§...+....(
♣.n~~~~~$.+..(..
♣♣.~§D~~~..#(...♣
♣.....~~...#.....
♣t~..[.k...######
♣...~~~...♣~D§~.♣♣♣
♣.~~§~~.~..~~v§~~.~♣


You could see Aizul, 2 alligators, 3 six-headed hydras, a four-headed hydra
(wandering, unable to see you), 4 swamp dragons, a spriggan rider, a ghost crab
(unable to see you), a spriggan air mage (repels missiles), a spectral spriggan
berserker (summoned), 3 bog bodies, 4 swamp drakes, a spriggan, Virumoce's ghost
and a friendly cyclops (summoned, berserk).

Vanquished Creatures
  Jorgrun (D:15)
  A fenstrider witch (Swamp:4)
  3 emperor scorpions
  3 ghost moths
  3 broodmothers (Spider:4)
  An orc warlord (Bailey)
  Nessos (Lair:5)
  2 bunyips
  4 eleionomae
  A spark wasp (Swamp:2)
  Snorg (D:13)
  A fire dragon (Lair:5)
  An entropy weaver (Spider:1)
  4 vault guards (D:13)
  9 hydras
  2 ogre magi
  3 ghost crabs
  An anaconda (Spider:4)
  2 death knights (D:15)
  2 tengu warriors (D:15)
  9 two-headed ogres
  4 centaur warriors
  A jorogumo (Spider:4)
  11 death yaks
  5 boulder beetles
  4 alligators
  8 demonic crawlers
  A hell knight (Volcano)
  5 orc high priests (Orc:2)
  Sonja (Lair:5)
  4 skeletal warriors (D:14)
  A sun moth (Spider:4)
  5 goliath frogs
  Amaemon (Lair:1)
  2 swamp dragons
  A deep elf archer (D:13)
  5 orb spiders
  A wizard (D:15)
  4 spriggan druids
  7 orc knights
  5 steelbarb worms
  Pikel (D:5)
  3 orc sorcerers
  7 wolf spiders
  3 deep elf pyromancers
  10 ugly things
  4 cyclopes
  3 manticores (D:13)
  5 will-o-the-wisps
  A moth of wrath (Spider:3)
  6 black mambas
  Joseph (D:8)
  25 elephants
  5 gargoyles
  A naga mage (D:15)
  3 torpor snails (Spider:3)
  An orange demon (Lair:1)
  11 cane toads
  3 rime drakes (Lair:5)
  3 unseen horrors
  13 komodo dragons
  A yaktaur (shapeshifter) (D:15)
  2 tengu conjurers (D:13)
  5 trolls
  12 polar bears
  A bloated husk (Swamp:1)
  13 blink frogs
  5 hornets
  3 meliai (D:14)
  13 tyrant leeches
  12 tarantellas
  2 raiju (Lair:5)
  14 slime creatures
  A jumping spider (shapeshifter) (D:15)
  8 jumping spiders
  2 shadows
  8 culicivoras
  7 spriggans
  36 yaks
  A vampire (D:12)
  3 basilisks
  2 wraiths
  A wyvern (Lair:5)
  2 humans (D:13)
  2 steam dragons
  19 vampire mosquitoes
  19 redbacks
  7 wargs
  9 swamp worms
  2 acid dragons
  15 hell hounds (Lair:5)
  11 water moccasins
  40 orc warriors
  4 swamp drakes (Lair:5)
  A sky beast (D:7)
  11 black bears (Lair:5)
  12 ogres
  An ice beast (D:6)
  24 wolves
  13 centaurs
  A lemure (D:5)
  Blork the orc (D:6)
  4 kobold brigands
  2 gnoll sergeants
  4 scorpions
  2 two-headed ogre simulacra (D:11)
  11 bullfrogs
  2 wights (D:6)
  8 howler monkeys
  6 hounds
  7 jellies
  2 gnoll boudas
  36 orc priests
  8 iguanas
  23 orc wizards
  2 troll simulacra (D:11)
  5 hell rats (Lair:4)
  16 gnolls
  9 adders
  2 naga simulacra (D:11)
  A shadow imp (D:7)
  A white imp (D:6)
  4 worms
  6 dart slugs
  114 orcs
  6 endoplasms
  4 giant cockroaches
  17 goblins
  17 hobgoblins
  20 kobolds
  5 quokkas
  10 ball pythons
  5 bats
  7 frilled lizards
  9 rats
961 creatures vanquished.

Vanquished Creatures (collateral kills)
  2 emperor scorpions (Spider:4)
  4 hydras (Lair:5)
  A goliath frog (Swamp:1)
  3 elephants (Lair:5)
  A rime drake (Lair:5)
  4 blink frogs (Lair:5)
  A culicivora (Spider:4)
  A wyvern (Lair:5)
  A swamp worm (Swamp:1)
18 creatures vanquished.

Vanquished Creatures (others)
  A skeletal warrior (D:14)
  A spriggan druid (Swamp:4)
  A bloated husk (Swamp:2)
  A spriggan (Swamp:4)
  A swamp worm (Swamp:4)
  A human (D:9)
  An iguana (Lair:5)
  16 foxfires
23 creatures vanquished.

Grand Total: 1002 creatures vanquished

Notes
Turn   | Place    | Note
-------+----------+-------------------------------------------
     0 | D:1      | Strat the Troll Berserker began the quest for the Orb.
     0 | D:1      | Reached XP level 1. HP: 22/22 MP: 0/0
   103 | D:1      | Reached XP level 2. HP: 29/29 MP: 1/1
   257 | D:1      | Found a faded altar of an unknown god.
   664 | D:1      | Reached ** piety under Trog
   827 | D:2      | Reached XP level 3. HP: 36/36 MP: 2/2
  1057 | D:2      | Reached skill level 4 in Unarmed Combat
  1296 | D:2      | Reached XP level 4. HP: 44/44 MP: 3/3
  1667 | D:3      | Found a shimmering altar of Xom.
  1668 | D:3      | Found a shimmering altar of Xom.
  1688 | D:3      | Reached *** piety under Trog
  2474 | D:4      | Found a snail-covered altar of Cheibriados.
  2549 | D:4      | Noticed a scorpion
  2557 | D:4      | Killed a scorpion
  2558 | D:4      | Reached XP level 5. HP: 53/53 MP: 4/4
  2738 | D:4      | Reached skill level 5 in Unarmed Combat
  2816 | D:4      | Reached XP level 6. HP: 61/61 MP: 5/5
  2853 | D:4      | Found Kaqosm's Elemental Accessories.
  2864 | D:4      | Found Inoceotz's Armour Boutique.
  2995 | D:4      | Found a staircase to the Ecumenical Temple.
  3066 | D:4      | Reached skill level 6 in Unarmed Combat
  3437 | D:5      | Entered Level 5 of the Dungeon
  3441 | D:5      | Reached XP level 7. HP: 68/68 MP: 6/6
  3641 | D:5      | Found a hazy altar of Hepliaklqana.
  3678 | D:5      | Noticed Pikel
  3693 | D:5      | Killed Pikel
  3694 | D:5      | Reached skill level 7 in Unarmed Combat
  3694 | D:5      | Reached XP level 8. HP: 75/79 MP: 7/7
  3716 | D:5      | Found a sparkling altar of Nemelex Xobeh.
  3755 | D:5      | Found a bloodstained altar of Trog.
  3864 | D:5      | Found a radiant altar of Vehumet.
  4066 | D:6      | Reached skill level 8 in Unarmed Combat
  4074 | D:6      | Reached skill level 5 in Fighting
  4074 | D:6      | Reached skill level 5 in Dodging
  4281 | D:6      | Reached XP level 9. HP: 88/88 MP: 8/8
  4332 | D:6      | Reached skill level 9 in Unarmed Combat
  4363 | D:6      | Found an iron altar of Okawaru.
  4385 | D:6      | Reached **** piety under Trog
  4428 | D:6      | Noticed Blork the orc
  4439 | D:6      | Killed Blork the orc
  4532 | D:6      | Reached skill level 12 in Unarmed Combat
  4532 | D:6      | Reached XP level 10. HP: 102/102 MP: 9/9
  4533 | D:6      | Reached skill level 13 in Unarmed Combat
  4533 | D:6      | Reached XP level 11. HP: 109/109 MP: 10/10
  5022 | D:7      | Reached skill level 14 in Unarmed Combat
  5670 | D:8      | Noticed Joseph
  5677 | D:8      | Killed Joseph
  5959 | D:8      | Reached ***** piety under Trog
  5979 | D:8      | Found a glowing silver altar of Zin.
  5979 | D:8      | Found an opulent altar of Gozag.
  6066 | D:8      | Found a glowing golden altar of the Shining One.
  6335 | D:9      | Found a flagged portal.
  6342 | Bailey   | Entered a bailey
  6392 | Bailey   | Noticed an orc knight
  6425 | Bailey   | Killed an orc knight
  6575 | Bailey   | Noticed an orc knight
  6588 | Bailey   | Killed an orc knight
  6745 | Bailey   | Noticed an orc warlord
  6761 | Bailey   | Killed an orc warlord
  6847 | D:9      | Found an ancient bone altar of Kikubaaqudgha.
  6883 | D:9      | Received a gift from Trog
  7029 | D:9      | Found a stormy altar of Qazlal.
  7063 | D:9      | Found Peunipp's Antique Weapon Emporium.
  7365 | D:10     | Entered Level 10 of the Dungeon
  7432 | D:10     | Reached skill level 15 in Unarmed Combat
  7528 | D:10     | Found an opulent altar of Gozag.
  7528 | D:10     | Noticed a tengu warrior
  7529 | D:10     | Found a runed translucent gate.
  7529 | D:10     | Found a runed translucent gate.
  7529 | D:10     | Found a runed translucent gate.
  7529 | D:10     | Noticed an obsidian statue
  7537 | D:10     | Noticed MrSquiggles's ghost (journeyman HuWn)
  7850 | D:10     | Noticed a two-headed ogre
  7857 | D:10     | Killed a two-headed ogre
  7858 | D:10     | Reached XP level 12. HP: 122/122 MP: 11/11
  8164 | D:10     | Noticed a two-headed ogre
  8174 | D:10     | Killed a two-headed ogre
  8344 | D:11     | Found a frozen archway.
  8557 | D:11     | Found Xeefar's Jewellery Shoppe.
  8588 | D:11     | Noticed a two-headed ogre
  8611 | D:11     | Killed a two-headed ogre
  8612 | D:11     | Reached skill level 1 in Shields
  8784 | D:11     | Found a staircase to the Lair.
  9004 | D:11     | Received a gift from Trog
  9263 | D:11     | Reached skill level 5 in Shields
  9452 | Lair:1   | Entered Level 1 of the Lair of Beasts
  9568 | Lair:1   | Noticed Amaemon
  9584 | Lair:1   | Killed Amaemon
 10402 | Lair:2   | Reached XP level 13. HP: 128/128 MP: 12/12
 10441 | Lair:2   | Found a staircase to the Swamp.
 10728 | Lair:2   | Reached skill level 16 in Unarmed Combat
 11286 | Lair:3   | You fall into a shaft and drop 2 floors!
 11286 | Lair:5   | Entered Level 5 of the Lair of Beasts
 11768 | Lair:3   | Found a hole to the Spider Nest.
 12564 | Lair:4   | Found a staircase to the Slime Pits.
 12686 | Lair:4   | Received a gift from Trog
 13050 | Lair:5   | Reached skill level 17 in Unarmed Combat
 13083 | Lair:5   | Noticed Sonja
 13137 | Lair:5   | Killed Sonja
 13268 | Lair:5   | Reached XP level 14. HP: 140/140 MP: 13/13
 13725 | Lair:5   | Reached skill level 10 in Shields
 13734 | Lair:5   | Reached skill level 18 in Unarmed Combat
 13739 | Lair:5   | Noticed Nessos
 13765 | Lair:5   | Killed Nessos
 14099 | Lair:5   | Reached skill level 10 in Fighting
 14860 | Lair:5   | Reached skill level 19 in Unarmed Combat
 14932 | Lair:5   | Reached skill level 5 in Throwing
 15337 | D:12     | Found a staircase to the Orcish Mines.
 15520 | D:12     | Reached XP level 15. HP: 111/149 MP: 14/14
 16088 | Orc:1    | Entered Level 1 of the Orcish Mines
 16199 | Orc:1    | Found a dark tunnel.
 16214 | Volcano  | Entered a volcano
 16266 | Volcano  | Found a burning altar of Makhleb.
 16317 | Volcano  | Received a gift from Trog
 16679 | Orc:2    | Entered Level 2 of the Orcish Mines
 17138 | Orc:2    | Received a gift from Trog
 17229 | Orc:2    | Found a staircase to the Elven Halls.
 17398 | Orc:2    | Reached skill level 20 in Unarmed Combat
 17528 | Orc:2    | Reached ****** piety under Trog
 17627 | Orc:2    | Found Jigaseac's Magic Scroll Shoppe.
 17627 | Orc:2    | Found Pyrchick's Jewellery Shoppe.
 17628 | Orc:2    | Found Veuck's Antique Armour Shoppe.
 17628 | Orc:2    | Found Vegromuame's Antique Weapon Emporium.
 17639 | Orc:2    | Bought a ring of poison resistance for 300 gold pieces
 17732 | D:13     | Noticed Snorg
 17848 | D:13     | Killed Snorg
 18026 | D:13     | Reached skill level 1 in Armour
 18183 | D:13     | Received a gift from Trog
 18525 | D:13     | Found a gate to the Vaults.
 19057 | D:14     | Found a hide-covered altar of Uskayaw.
 19330 | D:15     | Entered Level 15 of the Dungeon
 19385 | D:15     | Reached XP level 16. HP: 160/161 MP: 15/15
 19498 | D:15     | Found Yxeipyub's Assorted Antiques.
 19514 | D:15     | Bought a wand of digging (5) for 546 gold pieces
 19618 | D:15     | Received a gift from Trog
 19707 | D:15     | Found Nyuhaoge's Assorted Antiques.
 19764 | D:15     | Bought a potion of heal wounds for 145 gold pieces
 19811 | D:15     | Bought a potion of heal wounds for 130 gold pieces
 20199 | D:15     | Noticed Jorgrun
 20212 | D:15     | Killed Jorgrun
 20473 | D:15     | Found a staircase to the Depths.
 20815 | Spider:1 | Entered Level 1 of the Spider Nest
 21831 | Spider:2 | Identified the +10 plate armour of the Meager God {Int+3
                  | Slay+5}
 22277 | Spider:4 | Entered Level 4 of the Spider Nest
 22370 | Spider:4 | Received a gift from Trog
 22422 | Spider:4 | Reached skill level 5 in Armour
 22422 | Spider:4 | Reached skill level 21 in Unarmed Combat
 23093 | Spider:4 | Got a gossamer rune of Zot
 23274 | Swamp:1  | Entered Level 1 of the Swamp
 23278 | Swamp:1  | Reached skill level 10 in Throwing
 23325 | Swamp:1  | Reached XP level 17. HP: 172/172 MP: 16/16
 23865 | Swamp:2  | Received a gift from Trog
 24292 | Swamp:4  | Entered Level 4 of the Swamp
 24292 | Swamp:4  | Found a runed translucent gate.
 24292 | Swamp:4  | Found a runed translucent gate.
 24293 | Swamp:4  | Noticed Virumoce's ghost (adept OpSu)
 24294 | Swamp:4  | Found a runed translucent gate.
 24983 | Swamp:4  | Noticed Aizul
 24990 | Swamp:4  | Slain by a six-headed hydra

Illustrated notes

Levels and vault maps discovered:
D:1:      nzn_arrival_depleted_hourglass, layout_basic,
          chequers_ecumenical_altar_island
D:2:      layout_rooms, minmay_diced_spiral
D:3:      minmay_chambers_of_threes, layout_basic, xom_redecorated,
          minmay_misc_feat_alley
D:4:      layout_loops_corners, mainiacjoe_overflow_small_starburst,
          minmay_temple_entry_proselytizer, serial_shops, shop,
          nicolae_elemental_shop, minmay_manual_mullet
D:5:      layout_rooms, nicolae_hepliaklqana_hippocampus,
          nemelex_diamond_rough_becter, general_overflow_altar,
          mainiacjoe_overflow_boulevard, uniq_pikel
D:6:      layout_loops_ring, mainiacjoe_overflow_concentric_impassable,
          minmay_bent, uniq_blork_the_orc
D:7:      layout_basic
D:8:      layout_loops_cross, grunt_temple_overflow_gold_and_silver,
          tso_oasis_becter, uniq_joseph
D:9:      layout_basic, nicolae_qazlal_eye_of_the_storm, tgw_kikubaaqudgha,
          serial_shops, shop, enter_bailey_2, kennysheep_generic_room_7
D:10:     layout_gridville, ebering_ghost_gozag
D:11:     layout_irregular_city, lair_entry_dummy, serial_shops, shop,
          portal_ice_cave_entry_ice_simulacra, minivault_10
D:12:     layout_loops_ring, hiddenorc2_lemuel
D:13:     layout_basic, grunt_vaults_entry_fortified, uniq_snorg
D:14:     layout_roguey, nicolae_uskayaw_en_pointe, kennysheep_diamond
D:15:     grunt_enter_depths_magical_seal, layout_basic,
          hangedman_abyss_or_decor_stagger, serial_shops, shop_coins, shop,
          minmay_between, uniq_jorgrun
Lair:1:   layout_misc_corridors, uniq_amaemon
Lair:2:   layout_cave_pods, minmay_swamp_entry_worms, st_stairs_7,
          pdpol_lair_neglected_garden, nicolae_lair_grove_arrangements,
          lemuel_fruit_tree
Lair:3:   layout_misc_corridors, spider_nest_entry_web_field
Lair:4:   layout_cave_pods, nicolae_slime_entry_field_trip, st_stairs_5
Lair:5:   guppyfry_lair_end_dragon, layout_hall_layers,
          hangedman_lair_caniforms_friends, lemuel_fruit_fields, uniq_nessos,
          uniq_sonja
Swamp:1:  layout_basic_swamp, evilmike_swamp_ruin_house_3
Swamp:2:  layout_basic_swamp, evilmike_swamp_ruin_rubble_1, swamp_pool1,
          nicolae_swamp_catching_bugs
Swamp:3:  layout_falls_marsh, evilmike_swamp_ruin_rubble_2
Swamp:4:  grunt_swamp_rune_castle, layout_basic_swamp,
          ebering_ghost_rock_garden, uniq_louise, uniq_aizul
Spider:1: layout_spider_delve, gammafunk_ghost_grave
Spider:2: layout_cave_pods
Spider:3: layout_spider_delve
Spider:4: guppyfry_spider_rune
Orc:1:    layout_caves, serial_shops, nicolae_shop_just_a_little_nook,
          basic_altar, enter_volcano_4, kennysheep_orc_sif_temple
Orc:2:    st_orc_pillars, layout_caves, mines4_lemuel

Skill      XL: |  1  2  3  4  5  6  7  8  9 10 11 12 13 14 15 16 17 |
---------------+----------------------------------------------------+-----
Unarmed Combat | 4 5 6 7 8 12 13 15 17 19 20 21 | 21.7
Fighting       | 3 4 5 7 8 9 10 11 12 | 12.6
Dodging        | 3 4 5 7 8 |  8.6
Throwing       | 4 5 8 10 11 | 11.0
Shields        | 7 9 10 | 10.0
Armour         | 3 5 |  5.0

Action                     |  1- 3 |  4- 6 |  7- 9 | 10-12 | 13-15 | 16-18 || total
---------------------------+-------+-------+-------+-------+-------+-------++-------
  Melee: Unarmed           |   130 |   154 |   123 |   494 |  1279 |   706 ||  2886
         Punch             |       |     3 |     4 |    23 |       |       ||    30
  Throw: Javelin           |       |       |       |       |     3 |       ||     3
         Large rock        |       |       |       |       |       |    17 ||    17
 Invoke: Berserk           |       |     2 |     3 |     5 |    12 |    14 ||    36
         Brothers in Arms  |       |       |       |       |     5 |     3 ||     8
  Evoke: Wand              |       |     3 |       |     9 |    13 |     3 ||    28
    Use: Scroll            |       |    10 |     3 |     9 |     7 |       ||    29
         Potion            |       |       |     3 |     1 |    14 |    14 ||    32
   Stab: Sleeping          |       |     2 |       |       |       |       ||     2
         Paralysed         |       |       |       |       |     1 |       ||     1
         Invisible         |       |       |       |       |    16 |     5 ||    21
         Distracted        |       |       |       |       |       |     1 ||     1
 Armour: Animal skin       |    42 |    38 |    11 |   103 |   185 |       ||   379
         Troll leather arm |       |       |       |       |   120 |   319 ||   439
         Robe              |       |       |       |       |    14 |       ||    14
  Dodge: Dodged            |    83 |    55 |    59 |   184 |   516 |   354 ||  1251
  Block: Kite shield       |       |       |       |    51 |   621 |   437 ||  1109

Table legend: (Time is in decaauts)
 A = Elapsed time spent in this place.
 B = Non-inter-level travel time spent in this place.
 C = Inter-level travel time spent in this place.
 D = Time resting spent in this place.
 E = Time spent auto-exploring this place.
 F = Levels seen in this place.
 G = Mean time per level.
                   A        B        C        D        E       F      G
               +--------+--------+--------+--------+--------+-----+--------+
         Total |  24622 |  22588 |   2034 |    734 |  11258 |  32 |  769.4 |
       Dungeon |  12738 |  11831 |    907 |    151 |   7606 |  15 |  849.2 |
          Lair |   5848 |   5251 |    597 |    112 |   2576 |   5 | 1169.6 |
         Swamp |   1698 |   1451 |    247 |    301 |    120 |   4 |  424.5 |
   Spider Nest |   2327 |   2104 |    223 |    168 |    440 |   4 |  581.8 |
  Orcish Mines |   1245 |   1186 |     59 |      0 |    509 |   2 |  622.5 |
        Bailey |    486 |    486 |      0 |      0 |      6 |   1 |  486.0 |
       Volcano |    277 |    277 |      0 |      0 |      0 |   1 |  277.0 |
               +--------+--------+--------+--------+--------+-----+--------+

Top non-repeatable levels by time:
  Lair:5: 1747 daAuts
  Lair:4: 1376 daAuts
    D:15: 1239 daAuts
  Lair:2: 1101 daAuts
    D:10: 1100 daAuts
    D:11: 1059 daAuts
     D:4: 1053 daAuts
     D:3: 1047 daAuts
    D:12: 1018 daAuts
Spider:2: 1016 daAuts
   Orc:2: 931 daAuts
  Lair:1: 870 daAuts
    D:13: 817 daAuts
     D:1: 796 daAuts
     D:6: 793 daAuts
